 Dungeon Crawl Stone Soup version 0.19.4-8-ga85b6b9 (webtiles) character file.

429 protoss039 the Cudgeler (level 6, -5/57 HPs)
             Began as a Gargoyle Fighter on Feb 7, 2017.
             Killed from afar by a white imp (7 damage)
             ... with a puff of frost
             ... summoned by Eustachio
             ... on level 4 of the Dungeon.
             The game lasted 00:06:10 (2767 turns).

protoss039 the Cudgeler (Gargoyle Fighter)          Turns: 2767, Time: 00:06:11

Health: -5/57      AC: 23    Str: 27      XL:     6   Next: 98%
Magic:  6/6        EV:  2    Int:  8      God:
Gold:   245        SH: 10    Dex:  8 (9)  Spells: 0 memorised, 5 levels left

rFire  . . .     SeeInvis .     a - +0 flail
rCold  . . .     Gourm    .     (armour currently unavailable)
rNeg   + + +     Faith    .     c - +0 shield
rPois  ∞         Spirit   .     (helmet currently unavailable)
rElec  .         Reflect  .     (cloak currently unavailable)
rCorr  .         Harm     .     (gloves currently unavailable)
MR     .....     NoTele   +     (boots currently unavailable)
Stlth  +.........               (no amulet)
                                (no ring)
                                (no ring)

@: mighty, tree-form
A: negative energy resistance 1, (electricity resistance), (unbreathing),
petrification resistance, rot immunity, AC +4
a: no special abilities


You were on level 4 of the Dungeon.
You were hungry.
You were a tree.
You visited 1 branch of the dungeon, and saw 4 of its levels.

You collected 245 gold pieces.

Inventory:

Hand Weapons
 a - a +0 flail (weapon)
 p - a +2 hand axe of chopping
Missiles
 j - 5 javelins (quivered)
Armour
 b - a +0 scale mail
 c - a +0 shield (worn)
 v - a +0 chain mail (melded)
Wands
 o - a wand of paralysis (8/24)
Scrolls
 g - a scroll of identify {unknown}
 i - 3 scrolls of blinking {unknown}
 n - a scroll of fog {unknown}
 s - 2 scrolls of immolation {unknown}
 t - a scroll of teleportation {unknown}
 u - a scroll of random uselessness {unknown}
 w - a scroll of remove curse {unknown}
 y - a scroll of recharging {unknown}
 z - a scroll of noise {unknown}
 B - a scroll of fear {unknown}
Potions
 e - a potion of heal wounds {unknown}
 h - a potion of degeneration {unknown}
 l - 2 potions of lignification
 q - a potion of cancellation {unknown}
 r - a potion of brilliance {unknown}
Comestibles
 f - 2 bread rations
 k - 4 meat rations
 m - a slice of pizza
 x - 4 fruits
 A - a beef jerky


   Skills:
 + Level 4.0 Fighting
 * Level 5.8 Maces & Flails
 + Level 4.1 Armour
 + Level 4.4 Shields


You had 5 spell levels left.
You didn't know any spells.

Dungeon Overview and Level Annotations

Branches:
Dungeon (4/15)             Temple (0/1) D:4

Altars:
Dithmenos
Yredelemnul
The Shining One

Annotations:
D:4 Eustachio


Innate Abilities, Weirdness & Mutations

You are resistant to torment.
((Your stone body is resilient. (AC +4)))
You are immune to poison.
You resist negative energy. (rN+)
((You are resistant to electric shocks. (rElec)))
((You can survive without breathing.))
You are immune to petrification.
You are immune to rotting.


Message History

You block the quokka's attack. The white imp barely misses you.
The iron imp hits you.
* * * LOW HITPOINT WARNING * * *
The bat hits you but does no damage. The rat barely misses you.
Eustachio mumbles some strange words.
Eustachio blinks!
The bat hits you but does no damage.
The quasit bites you but does no damage.
The quasit barely misses you. The quasit claws you.
* * * LOW HITPOINT WARNING * * *
Unknown command.
Unknown command.
It was a potion of lignification.
You turn into a tree.
Your +0 chain mail melds into your body.
Your roots penetrate the ground.
The bat hits you but does no damage. The bat hits you.
* * * LOW HITPOINT WARNING * * *
The quokka barely misses you. The white imp gestures at you.
The puff of frost hits you!
You die...

#. #!######
#....$.#########
#..$.......@....
#...............
#.[....§.......
##.....rr5...... ##
#......5♣5......
..###.....b..b......
.........##.........
.........#####+###.#
.........# #
#.......# #.......#
#.......# #.......#


You could see Eustachio, an iron imp, a quasit, a white imp, a quokka, 2 bats
and a rat.

Vanquished Creatures
  The ghost of appiemonkey the Changer, an amateur MfTm (D:3)
  Ijyb (D:3)
  Terence (D:2)
  2 orc wizards (D:4)
  3 gnolls (D:3)
  2 adders
  An ooze (D:1)
  3 worms
  3 dart slugs
  3 leopard geckos
  2 orcs
  5 giant cockroaches
  7 goblins
  8 hobgoblins
  11 jackals
  5 kobolds
  A quokka (D:2)
  A ball python (D:2)
  2 bats
  3 frilled lizards
  4 rats
69 creatures vanquished.

Notes
Turn   | Place    | Note
-------+----------+-------------------------------------------
     0 | D:1      | protoss039 the Gargoyle Fighter began the quest for the Orb.
     0 | D:1      | Reached XP level 1. HP: 14/14 MP: 1/1
    59 | D:1      | Reached XP level 2. HP: 10/19 MP: 2/2
   402 | D:1      | Reached XP level 3. HP: 23/23 MP: 3/3
   666 | D:2      | Noticed Terence
   684 | D:2      | Killed Terence
   967 | D:2      | Reached skill level 3 in Maces & Flails
   967 | D:2      | Reached XP level 4. HP: 28/28 MP: 4/4
  1670 | D:3      | Found a glowing golden altar of the Shining One.
  1693 | D:3      | Found a shadowy altar of Dithmenos.
  2059 | D:3      | Reached XP level 5. HP: 32/32 MP: 5/5
  2109 | D:3      | Found a basalt altar of Yredelemnul.
  2122 | D:3      | Found a faded altar of an unknown god.
  2131 | D:3      | Noticed Ijyb
  2135 | D:3      | Reached skill level 4 in Maces & Flails
  2141 | D:3      | Killed Ijyb
  2319 | D:3      | Noticed appiemonkey's ghost (amateur MfTm)
  2351 | D:3      | Killed appiemonkey's ghost
  2351 | D:3      | Reached skill level 5 in Maces & Flails
  2351 | D:3      | Reached XP level 6. HP: 5/38 MP: 6/6
  2715 | D:4      | Found a staircase to the Ecumenical Temple.
  2738 | D:4      | Noticed Eustachio
  2767 | D:4      | HP: 2/57 [bat[Eustachio] (1)]
  2767 | D:4      | Killed from afar by a white imp

Skill      XL: |  1  2  3  4  5 |
---------------+----------------+-----
Maces & Flails | 3 5 |  5.8
Shields        | 4 |  4.4
Fighting       | 4 |  4.0
Armour         | 4 |  4.1

Action                   |  1- 3 |  4- 6 || total
-------------------------+-------+-------++-------
Melee: Flail             |    90 |   220 ||   310
  Use: Potion            |       |     2 ||     2
  Eat: Chunk             |       |     6 ||     6
Armor: Scale mail        |    48 |    38 ||    86
       Chain mail        |       |   154 ||   154
       Skin              |       |     1 ||     1
Dodge: Dodged            |    29 |    74 ||   103
Block: Shield            |    37 |   144 ||   181
